Map: Catalyst LE

Players

Demian - Winner!

  • Race: Zerg Zerg
  • Spawn Location: 11:00

MiNatO

  • Race: Terran Terran
  • League: Master
  • Spawn Location: 5:00

VOD

Have the link to the VOD?

Description

Time

  • Played on: May 26, 2018, 5:32 p.m.
  • Length: 9:18
Show
View Real Time Build Order
Export as new Build Order

Demian Zerg - Winner!

Build Orders: Pool First 

Get SALT Encoding   

  12  0:01  Drone  
  13  0:08  Drone  
  14  0:18  Overlord  
  14  0:24  Drone, Extractor  
  15  0:36  Drone x2  
  17  0:45  Spawning Pool  
  17  0:48  Drone  
  17  0:55  Drone  
  18  1:06  Drone  
  19  1:15  Hatchery  
  19  1:18  Drone  
  19  1:31  Queen  
  19  1:32  Extractor  
  20  1:33  Zergling x2  
  21  1:40  Overlord  
  21  1:49  Drone  
  22  2:07  Hatchery  
  21  2:11  Queen  
  21  2:13  Drone  
  24  2:21  Drone  
  25  2:25  Drone  
  25  2:27  Drone  
  27  2:32  Drone  
  28  2:37  Queen  
  28  2:40  Drone  
  31  2:45  Metabolic Boost  
  31  2:50  Drone  
  32  2:52  Drone  
  32  2:53  Drone  
  33  3:04  Drone x2  
  35  3:19  Drone  
  36  3:20  Drone  
  36  3:21  Drone x4  
  36  3:22  Overlord  
  36  3:23  Overlord  
  41  3:36  Evolution Chamber  
  41  3:37  Drone  
  41  3:43  Zergling x10  
  41  3:46  Zergling x8  
  50  3:51  Zergling x2  
  50  3:52  Zergling x6  
  54  3:56  Zergling x4  
  54  3:57  Zergling x2  
  54  4:00  Overlord  
  54  4:02  Overlord  
  57  4:06  Zerg Ground Armor Level 1  
  57  4:20  Drone x8  
  65  4:30  Drone x6  
  65  4:31  Drone  
  72  4:34  Overlord  
  71  4:40  Baneling Nest, Drone x2  
  66  4:48  Drone x2  
  66  4:52  Extractor  
  64  4:53  Extractor  
  64  4:57  Lair, Extractor  
  64  4:59  Drone x7  
  67  5:01  Overlord  
  67  5:04  Overlord  
  67  5:10  Overlord  
  67  5:11  Drone x3  
  70  5:22  Queen x2  
  70  5:27  Overlord x2  
  71  5:31  Zergling x16  
  78  5:37  Baneling Nest  
  78  5:41  Drone  
  78  5:42  Overlord x2  
  78  5:49  Drone x2  
  80  5:53  Zergling x10  
  85  6:04  Hatchery  
  84  6:06  Zerg Ground Armor Level 2, Hydralisk Den  
  84  6:08  Drone  
  84  6:12  Evolution Chamber, Drone  
  84  6:13  Drone x3  
  84  6:14  Extractor  
  84  6:15  Zergling x8  
  89  6:22  Drone, Queen x2, Extractor  
  89  6:24  Drone x2  
  91  6:35  Hydralisk x3  
  93  7:10  Drone, Zerg Missile Weapons Level 1  
  93  7:11  Drone x4  
  93  7:12  Drone, Hydralisk  
  93  7:13  Hydralisk x7  
  115  7:22  Spire  
  114  7:23  Drone  
  114  7:24  Drone, Queen  
  114  7:28  Overlord x2  
  113  7:33  Nydus Network  
  113  7:35  Drone  
  112  7:41  Hydralisk x3  
  116  7:53  Infestation Pit  
  115  8:03  Hydralisk x4  
  123  8:11  Nydus Canal  
  123  8:14  Zergling x30  
  138  8:22  Queen  
  138  8:23  Queen x2  
  144  8:33  Zergling x24  
  156  8:41  Mutalisk x2  
  140  8:58  Zergling x26  
  140  8:59  Zergling x4  
Show
View Real Time Build Order
Export as new Build Order

MiNatO Terran 

Build Orders: Reaper Expand, MMM Bio 

Get SALT Encoding   

  12  0:00  SCV  
  13  0:13  SCV  
  14  0:19  Supply Depot  
  14  0:26  SCV  
  15  0:40  SCV  
  15  0:42  Barracks  
  16  0:49  Refinery  
  16  0:53  SCV  
  17  1:05  SCV  
  18  1:17  SCV  
  19  1:30  Orbital Command  
  19  1:32  Reaper  
  20  1:43  Command Center  
  20  1:54  Refinery  
  20  1:59  SCV  
  20  2:01  Supply Depot  
  21  2:12  Factory  
  21  2:16  SCV  
  21  2:22  Barracks Reactor  
  22  2:28  SCV  
  23  2:40  SCV  
  23  2:52  SCV  
  24  3:04  SCV  
  25  3:08  Marine  
  25  3:09  Marine  
  27  3:15  Cyclone  
  27  3:16  SCV  
  27  3:18  Starport  
  31  3:26  Orbital Command  
  31  3:28  SCV  
  31  3:30  Marine x2  
  34  3:40  SCV  
  35  3:42  Supply Depot  
  35  3:49  Cyclone  
  35  3:52  SCV  
  35  3:53  SCV  
  40  3:57  Medivac  
  42  4:04  SCV  
  43  4:23  SCV  
  44  4:31  Marine x2  
  44  4:32  Cyclone  
  38  4:50  Liberator  
  38  4:51  Marine  
  38  4:52  Marine  
  40  4:54  Orbital Command  
  33  5:07  Barracks, Command Center  
  33  5:09  Barracks x2  
  36  5:18  SCV  
  37  5:23  SCV  
  38  5:30  SCV  
  38  5:35  SCV, Factory Tech Lab  
  40  5:42  SCV  
  41  5:47  Supply Depot, SCV  
  42  5:54  SCV  
  42  5:55  Factory  
  43  5:59  SCV, Barracks Tech Lab x2  
  43  6:01  Barracks Reactor  
  43  6:02  Starport Reactor  
  43  6:03  Marine  
  45  6:05  Marine  
  45  6:09  SCV  
  47  6:21  Marine  
  47  6:23  Marine x3  
  47  6:24  SCV  
  52  6:26  Stimpack  
  52  6:28  SCV  
  53  6:33  Siege Tank  
  53  6:36  SCV  
  53  6:39  Marine  
  58  6:40  SCV  
  58  6:41  Marauder x2, Marine  
  58  6:45  Marine x2  
  66  6:47  Factory Tech Lab  
  66  6:48  SCV  
  66  6:52  SCV  
  68  7:00  Refinery, SCV  
  66  7:02  Refinery  
  66  7:03  Orbital Command  
  66  7:04  SCV  
  67  7:10  Siege Tank  
  67  7:14  Supply Depot  
  70  7:16  Supply Depot  
  70  7:23  Siege Tank  
  69  7:33  Engineering Bay  
  69  7:34  Engineering Bay  
  62  7:40  Marine x3  
  62  7:41  Marine  
  62  7:42  Siege Tank  
  70  7:44  SCV  
  70  7:46  SCV x2  
  72  7:52  Combat Shields  
  72  7:55  Siege Tank  
  72  7:56  Marine x2, SCV  
  72  7:58  SCV x2  
  80  8:03  Marine  
  81  8:08  SCV  
  81  8:09  Supply Depot  
  82  8:14  Siege Tank  
  85  8:20  Marine x4, SCV  
  85  8:21  Marine  
  85  8:24  SCV  
  85  8:25  SCV  
  93  8:30  Marine  
  94  8:38  Marine x5  
  99  8:48  Marine  
  81  8:55  Marine  
  81  8:56  Marine x4  
Tags
 
Composition
MMM Bio
League
Master
Matchup
TvZ
Spawn Locations
Cross Positions
Add a new tag
Caveats
  • Supply blocks, unpowered buildings, or Contaminate may cause inaccurate times.
  • Supply counts are checked every 10 seconds.